[Event "Titled Tuesday Blitz April 19 Early 2022"]
[White "Melikhov, Evgeny V."]
[Black "Rodchenkov, Vitaly"]
[WhiteFideId "4122046"]
[BlackFideId "4152964"]
[WhiteElo "1931"]
[BlackElo "2337"]
[Result "1-0"]
[Round "08"]
[TimeControl "180+1"]
[Date "2022.04.19"]
[WhiteClock "0:00:04"]
[BlackClock "0:00:11"]

1. d4 Nf6 2. c4 e6 3. Nc3 Bb4 4. Qc2 c5 5. dxc5 Nc6 6. a3 Bxc5 7. Nf3 O-O 8. e3 b6 9. Be2 Bb7 10. b3 Qc7 11. Bb2 Be7 12. g4 Rfd8 13. g5 Ne8 14. Rg1 g6 15. Ne4 d5 16. cxd5 Rxd5 17. Qc3 Ne5 18. Nxe5 Qxc3+ 19. Bxc3 Rxe5 20. Bxe5 Bxe4 21. b4 Rc8 22. Kd2 Nd6 23. Rgc1 Rd8 24. Bf6 Ne8+ 25. Ke1 Nxf6 26. gxf6 Bxf6 27. Ra2 Bd5 28. Rd2 Re8 29. Bb5 Rb8 30. Rc7 a5 31. Ke2 Be5 32. Ra7 axb4 33. axb4 Bxh2 34. f3 Rf8 35. e4 Ba8 36. Rad7 Kg7 37. Rd8 Bb7 38. Rxf8 Kxf8 39. Rd7 Bxe4 40. fxe4 Bg1 41. Kf3 Kg7 42. e5 h5 43. Rb7 g5 44. Be8 g4+ 45. Kf4 Bh2+ 46. Kg5 g3 47. Rxf7+ Kg8 48. Kf6 g2 49. Rg7+ Kh8 50. Rxg2 Bf4 51. Bg6 h4 52. Rc2 Bg5+ 53. Kxg5 Kg7 54. Rc7+ Kf8 55. Kf6 Kg8 56. Rc8# 1-0


[Site "https://www.chess.com"]

[Event "Titled Tuesday Blitz April 19 Early 2022"]
[White "Mirzoev, Azer"]
[Black "Pesotskiy, Mikhail"]
[WhiteFideId "13400304"]
[BlackFideId "34164453"]
[WhiteElo "2525"]
[BlackElo "2010"]
[Result "1-0"]
[Round "08"]
[TimeControl "180+1"]
[Date "2022.04.19"]
[WhiteClock "0:01:57"]
[BlackClock "0:00:05"]

1. b3 Nf6 2. Bb2 b6 3. Nf3 Bb7 4. e3 e6 5. c4 Be7 6. Nc3 c5 7. Be2 Nc6 8. O-O O-O 9. d4 cxd4 10. Nxd4 d5 11. Rc1 Rc8 12. cxd5 Nxd5 13. Nxd5 exd5 14. Bg4 Rc7 15. Nb5 h5 16. Nxc7 hxg4 17. Nxd5 Bc5 18. Qxg4 f6 19. Rfd1 Ne5 20. Qe6+ Kh8 21. Nf4 Qe8 22. Qxe8 Rxe8 23. h3 a5 24. Bd4 Bxd4 25. exd4 Nc6 26. d5 Nb4 27. Rc7 Bxd5 28. Nxd5 Nxd5 29. Rxd5 Re1+ 30. Kh2 Re2 31. Rdd7 Rxa2 32. Rxg7 Rxf2 33. Rgd7 1-0


[Site "https://www.chess.com"]

[Event "Titled Tuesday Blitz April 19 Early 2022"]
[White "Miszler, Levente"]
[Black "Kim, Sergey"]
[WhiteFideId "763276"]
[BlackFideId "13700570"]
[WhiteElo "1966"]
[BlackElo "2562"]
[Result "1-0"]
[Round "08"]
[TimeControl "180+1"]
[Date "2022.04.19"]
[WhiteClock "0:00:18"]
[BlackClock "0:00:51"]

1. Nf3 Nf6 2. c4 g6 3. g3 Bg7 4. Bg2 O-O 5. O-O d6 6. Nc3 e5 7. d3 Nh5 8. Rb1 f5 9. Qc2 f4 10. b4 Nc6 11. b5 Nd4 12. Nxd4 exd4 13. Ne4 Be5 14. a4 Rb8 15. Ba3 b6 16. Nd2 Bg4 17. Nf3 Bxf3 18. Bxf3 Qd7 19. Qd2 Qh3 20. Bg2 Qg4 21. h3 Qd7 22. g4 Nf6 23. e3 dxe3 24. fxe3 fxe3 25. Qxe3 Rbe8 26. Qf3 Qg7 27. Bb2 Bxb2 28. Rxb2 Nd7 29. Qd5+ Kh8 30. Rbf2 Rxf2 31. Rxf2 Qa1+ 32. Rf1 Qb2 33. Qf7 Re2 34. Bd5 Qd4+ 35. Kh1 Qg7 36. Qxg7+ Kxg7 37. Rf7+ Kh6 38. Rxd7 Kg5 39. Kg1 Kh4 40. Rxh7+ Kg3 41. Kf1 Rd2 42. Be4 g5 43. Ke1 Ra2 44. Rxc7 Rxa4 45. Rd7 Kxh3 46. Bf5 a5 47. bxa6 Rxa6 48. Rxd6 Kg3 49. Kd2 Kf4 50. Kc3 Ke5 51. Re6+ Kf4 52. Kd4 Ra5 53. Rxb6 Ra1 54. c5 Rc1 55. c6 Kg3 56. Kd5 1-0


[Site "https://www.chess.com"]

[Event "Titled Tuesday Blitz April 19 Early 2022"]
[White "Mitrabha, Guha"]
[Black "Indjic, Aleksandar"]
[WhiteFideId "5057000"]
[BlackFideId "911925"]
[WhiteElo "2468"]
[BlackElo "2616"]
[Result "0-1"]
[Round "08"]
[TimeControl "180+1"]
[Date "2022.04.19"]
[WhiteClock "0:00:33"]
[BlackClock "0:01:17"]

1. d4 Nf6 2. Nf3 e6 3. Bf4 c5 4. e3 cxd4 5. exd4 b6 6. Nbd2 Ba6 7. c4 Be7 8. Rc1 O-O 9. a3 d5 10. c5 Bxf1 11. Nxf1 bxc5 12. dxc5 a5 13. b4 axb4 14. axb4 Na6 15. Rb1 Ne4 16. Be5 f6 17. Ba1 Nxb4 18. Ne3 Bxc5 19. O-O Bxe3 20. fxe3 Nc6 21. Qc2 Ne7 22. Nd4 Qd6 23. Rb7 Rfc8 24. Qb2 e5 25. Nb5 Qc5 26. Kh1 Rab8 27. Na7 Rxb7 28. Qxb7 Rc7 29. Qb8+ Kf7 30. Nb5 Rc8 31. Qb7 Qxe3 32. g3 Rc1 0-1


[Site "https://www.chess.com"]

[Event "Titled Tuesday Blitz April 19 Early 2022"]
[White "Mokshanov, Alexey"]
[Black "Gracia Alvarez, Gerardo Antonio"]
[WhiteFideId "24121657"]
[BlackFideId "5109124"]
[WhiteElo "2141"]
[BlackElo "2139"]
[Result "1/2-1/2"]
[Round "08"]
[TimeControl "180+1"]
[Date "2022.04.19"]
[WhiteClock "0:00:20"]
[BlackClock "0:00:04"]

1. e4 c5 2. Nf3 Nc6 3. Bb5 d6 4. Bxc6+ bxc6 5. O-O e5 6. c3 f5 7. exf5 Bxf5 8. d4 cxd4 9. cxd4 e4 10. Qc2 Qd7 11. Nh4 Rc8 12. f3 Nf6 13. Nxf5 Qxf5 14. fxe4 Qxe4 15. Qd1 Be7 16. Nc3 Qg6 17. Re1 Rc7 18. Bf4 O-O 19. Rxe7 Rxe7 20. Bxd6 Rfe8 21. Bxe7 Rxe7 22. Qf3 Ng4 23. Rf1 Rf7 24. Qxf7+ Qxf7 25. Rxf7 Kxf7 26. h3 Ne3 27. Kf2 Nc2 28. d5 cxd5 29. Nxd5 Ke6 30. Nc3 Ke5 31. Ke2 Kf4 32. Kf2 Nb4 33. g3+ Ke5 34. Ke3 h5 35. a3 Nc6 36. Ne2 g5 37. b4 Ne7 38. Nd4 Kd5 39. Kd3 Ng6 40. Nb5 h4 41. gxh4 gxh4 42. Nxa7 Nf4+ 43. Ke3 Nxh3 44. Nb5 Ng5 45. Nc3+ Kc4 46. Ne2 Kb3 47. b5 Ne6 48. b6 Nc5 49. Kd4 Nb7 50. Kd5 Kxa3 51. Kc6 Na5+ 52. Kb5 Nb7 53. Nf4 Kb3 54. Kc6 Na5+ 55. Kb5 Nb7 56. Kc6 Na5+ 57. Kb5 Nb7 1/2-1/2


[Site "https://www.chess.com"]

[Event "Titled Tuesday Blitz April 19 Early 2022"]
[White "Moskalenko, Alexander"]
[Black "Belozerov, Andrei"]
[WhiteFideId "4155351"]
[BlackFideId "4120213"]
[WhiteElo "2434"]
[BlackElo "2320"]
[Result "1-0"]
[Round "08"]
[TimeControl "180+1"]
[Date "2022.04.19"]
[WhiteClock "0:00:26"]
[BlackClock "0:00:15"]

1. Nf3 d5 2. d4 Nf6 3. c4 c6 4. g3 Bg4 5. Ne5 Bf5 6. Nc3 e6 7. Qb3 Qb6 8. c5 Qc7 9. Bf4 Qc8 10. Bg2 Nbd7 11. Nxd7 Qxd7 12. O-O Be7 13. Qa4 O-O 14. b4 Ne4 15. Nxe4 Bxe4 16. f3 Bf5 17. Rad1 b5 18. Qa6 g5 19. Bc1 Bg6 20. e4 f5 21. exd5 exd5 22. f4 g4 23. Rfe1 Bf6 24. a4 bxa4 25. b5 cxb5 26. c6 Qd6 27. Qxb5 Bf7 28. Qxa4 Rfc8 29. Qc2 Rxc6 30. Qxf5 h5 31. Rd3 Rd8 32. Ba3 Qd7 33. Qxd7 Rxd7 34. Bc5 a5 35. Ra3 Ra6 36. Rb1 a4 37. Bf1 Ra8 38. Rb4 Be7 39. Bxe7 Rxe7 40. Rbxa4 Rxa4 41. Rxa4 Re1 42. Kf2 Rb1 43. h3 Rb2+ 44. Kg1 gxh3 45. Bxh3 Kg7 46. Ra7 Kf6 47. Ra6+ Kg7 48. Bf5 Rd2 49. Rd6 Rxd4 50. Kg2 Rd2+ 51. Kh3 Rd1 52. Bc2 Rd2 53. Bf5 Rd1 54. Kh4 Rg1 55. g4 hxg4 56. Bxg4 Kf8 57. f5 Ke7 58. Rb6 d4 59. f6+ Kd8 60. Rd6+ Kc7 61. Rd7+ Kc6 62. Rxf7 d3 63. Rf8 Kc7 64. Rc8+ Kd6 65. Rd8+ Ke5 66. f7 Rf1 67. f8=Q Rxf8 68. Rxf8 1-0


[Site "https://www.chess.com"]

[Event "Titled Tuesday Blitz April 19 Early 2022"]
[White "Moskvin, Anatoly"]
[Black "Shimelkov, Vasiliy"]
[WhiteFideId "24199990"]
[BlackFideId "13701630"]
[WhiteElo "2079"]
[BlackElo "2073"]
[Result "0-1"]
[Round "08"]
[TimeControl "180+1"]
[Date "2022.04.19"]
[WhiteClock "0:00:02"]
[BlackClock "0:00:09"]

1. e4 c6 2. c4 d5 3. exd5 cxd5 4. cxd5 Qxd5 5. Nc3 Qd8 6. Nf3 Nf6 7. d4 Bg4 8. Qa4+ Bd7 9. Qb3 b6 10. Ne5 e6 11. Be3 Bd6 12. Rc1 O-O 13. Be2 Nc6 14. Nxd7 Qxd7 15. O-O Ne7 16. Nb5 Ned5 17. Rc2 a6 18. Nxd6 Qxd6 19. Rfc1 Nxe3 20. fxe3 b5 21. Rc6 Qd5 22. Bf3 Qg5 23. R6c5 Nd5 24. e4 Qd2 25. exd5 Qxd4+ 26. Kh1 exd5 27. Rxd5 Qf4 28. Rcd1 Rac8 29. R5d4 Qg5 30. a4 bxa4 31. Qxa4 Qf6 32. b4 Rfe8 33. h3 h6 34. Rd6 Qf4 35. Rxa6 Rb8 36. Rb6 Red8 37. Rxb8 Rxb8 38. Qc6 Qxb4 39. Bd5 Qf4 40. Rf1 Qxf1+ 41. Kh2 Qf4+ 42. g3 Qf2+ 43. Bg2 Rb2 44. Qa8+ Kh7 45. Qe4+ g6 46. Qd5 Kg7 47. h4 h5 48. Qe5+ Kg8 49. Qd5 Qxg2+ 50. Qxg2 Rxg2+ 51. Kxg2 Kg7 52. Kf3 Kf6 53. Kf4 Ke6 54. Ke4 f6 55. Kf4 Kd5 56. Ke3 Ke5 57. Kf3 Kd4 58. Kf4 Kd3 59. Kf3 Kd4 60. Kf4 Kd5 61. Kf3 Ke5 62. Ke3 Kf5 63. Kf3 g5 64. hxg5 fxg5 65. Kf2 Ke4 66. Ke2 g4 67. Kf2 Kd3 68. Kg2 Ke3 0-1


[Site "https://www.chess.com"]

[Event "Titled Tuesday Blitz April 19 Early 2022"]
[White "Murthy, Pappu"]
[Black "Manukian, Artak"]
[WhiteFideId "2013401"]
[BlackFideId "13301373"]
[WhiteElo "1940"]
[BlackElo "2318"]
[Result "1-0"]
[Round "08"]
[TimeControl "180+1"]
[Date "2022.04.19"]
[WhiteClock "0:00:53"]
[BlackClock "0:00:04"]

1. c4 g6 2. Nc3 Bg7 3. e4 c5 4. g3 d6 5. Bg2 e5 6. d3 Nc6 7. Nge2 h5 8. h3 h4 9. g4 Bh6 10. Bxh6 Nxh6 11. Qd2 f6 12. Nd5 g5 13. O-O Be6 14. Rab1 a5 15. b3 O-O 16. a3 Kg7 17. Nec3 Nf7 18. b4 axb4 19. axb4 b6 20. bxc5 bxc5 21. Rb7 Ra7 22. Rfb1 Qa8 23. Nc7 Rxb7 24. Nxa8 Rxb1+ 25. Nxb1 Rxa8 26. Nc3 Ra1+ 27. Kh2 Nd4 28. Nd5 Bxd5 29. exd5 Ra3 30. Be4 Ra1 31. Qb2 Re1 32. Kg2 Re2 33. Qb8 Rd2 34. Qc8 Rd1 35. Qd7 Rd2 36. Bf5 Nxf5 37. gxf5 Rxd3 38. Qb5 Rd4 39. Qb3 Rf4 40. Qd3 Nh6 41. Qb3 Nxf5 42. Qb7+ Kg6 43. Qd7 Ng7 44. Qxd6 Rxc4 45. Qe7 Rd4 46. d6 Nf5 47. Qe8+ Kg7 48. d7 e4 49. d8=Q Rxd8 50. Qxd8 e3 51. Qd7+ Kg6 52. Qe8+ Kg7 53. fxe3 c4 54. e4 Nd4 55. Qd7+ 1-0


[Site "https://www.chess.com"]

[Event "Titled Tuesday Blitz April 19 Early 2022"]
[White "Namitbir Singh Walia"]
[Black "Fernandez Hernandez, Gerardo"]
[WhiteFideId "35071068"]
[BlackFideId "2207400"]
[WhiteElo "1565"]
[BlackElo "2092"]
[Result "0-1"]
[Round "08"]
[TimeControl "180+1"]
[Date "2022.04.19"]
[WhiteClock "0:00:01"]
[BlackClock "0:00:02"]

1. d4 Nf6 2. c4 c5 3. d5 b5 4. cxb5 a6 5. bxa6 g6 6. Nc3 Bg7 7. e4 O-O 8. Nf3 Qa5 9. Bd2 Bxa6 10. Bxa6 Qxa6 11. Qe2 e6 12. Qxa6 Nxa6 13. dxe6 fxe6 14. a3 d5 15. exd5 exd5 16. O-O-O d4 17. Nb5 Ne4 18. Rhf1 Rab8 19. a4 c4 20. Rde1 Nxd2 21. Kxd2 d3 22. Re4 Rbc8 23. Rc1 Bh6+ 24. Kd1 Bxc1 25. Kxc1 Nc5 26. Re7 Nxa4 27. Nd6 Rb8 28. Nxc4 Rbc8 29. b3 Nc5 30. Kd1 Nxb3 31. Nfe5 Rxf2 32. Nxd3 Rf1+ 33. Ke2 Rg1 34. Kf2 Rd1 35. Nce5 Rd2+ 0-1


[Site "https://www.chess.com"]

[Event "Titled Tuesday Blitz April 19 Early 2022"]
[White "Nareks, Matic"]
[Black "Richter, Nils"]
[WhiteFideId "14629526"]
[BlackFideId "12990809"]
[WhiteElo "2147"]
[BlackElo "2243"]
[Result "0-1"]
[Round "08"]
[TimeControl "180+1"]
[Date "2022.04.19"]
[WhiteClock "0:01:31"]
[BlackClock "0:01:32"]

1. e4 e6 2. d4 d5 3. Nd2 c5 4. exd5 Qxd5 5. Ngf3 Nf6 6. Bc4 Qd6 7. Qe2 cxd4 8. Nb3 Nc6 9. Bg5 Be7 10. O-O-O h6 11. Bh4 O-O 12. Kb1 e5 13. Bg3 Bg4 14. h3 Bh5 15. Qxe5 Nxe5 16. Bxe5 Qc6 17. Na5 Qc8 18. g4 Bg6 19. Nxd4 Bc5 20. Bb3 Re8 21. Bxf6 gxf6 22. f4 Be4 23. Rhf1 Bxd4 24. Rxd4 Qc5 25. Rd7 Qxa5 26. Rxf7 Kh8 27. Rxf6 Rac8 28. g5 Bxc2+ 29. Bxc2 Re1+ 0-1


[Site "https://www.chess.com"]

[Event "Titled Tuesday Blitz April 19 Early 2022"]
[White "Nguyen, Hong Anh"]
[Black "De Arruda, Leandro Formes"]
[WhiteFideId "12406732"]
[BlackFideId "22722009"]
[WhiteElo "2016"]
[BlackElo "1852"]
[Result "1-0"]
[Round "08"]
[TimeControl "180+1"]
[Date "2022.04.19"]
[WhiteClock "0:01:15"]
[BlackClock "0:00:04"]

1. d4 e6 2. Nf3 d5 3. g3 Nf6 4. Bg2 Be7 5. O-O O-O 6. c4 c6 7. Qc2 Ne4 8. Nbd2 f5 9. Ne5 Nd7 10. Ndf3 Bf6 11. Bf4 Qe8 12. b4 Qh5 13. b5 Nxe5 14. dxe5 Be7 15. bxc6 bxc6 16. cxd5 cxd5 17. Qc6 Rb8 18. Nd4 Qf7 19. Rab1 Rxb1 20. Rxb1 Bc5 21. Be3 Bb6 22. a4 Bb7 23. Qxe6 Qxe6 24. Nxe6 Nc3 25. Rxb6 axb6 26. Nxf8 Kxf8 27. Bxb6 Nxa4 28. Bd4 Ke7 29. f4 Kd7 30. e3 Kc6 31. e6 Kd6 32. Bf3 Kxe6 33. Bd1 Bc6 34. Bxg7 Nb6 35. Bd4 Nc4 36. Kf2 Nd2 37. Ke2 Nc4 38. h3 Bb5 39. Kf3 Nd2+ 40. Kg2 Ne4 41. g4 Bd3 42. g5 Nd2 43. h4 Kf7 44. h5 Ne4 45. Bb3 Bc4 46. Ba4 Nd2 47. Bd7 Bd3 48. Kf2 Be4 49. Ke2 Nf3 50. Bf6 Nh4 51. Kf2 Nf3 52. Bc3 Nd2 53. Bxd2 Ke7 54. Ba4 Kf7 55. Bc3 Ke7 56. Be5 Kf7 57. Bb3 1-0


[Site "https://www.chess.com"]

[Event "Titled Tuesday Blitz April 19 Early 2022"]
[White "Nozdrachev, Leonid"]
[Black "Horcajuelo Rocamora, Martin"]
[WhiteFideId "24113433"]
[BlackFideId "24573027"]
[WhiteElo "2242"]
[BlackElo "1822"]
[Result "1-0"]
[Round "08"]
[TimeControl "180+1"]
[Date "2022.04.19"]
[WhiteClock "0:00:20"]
[BlackClock "0:00:08"]

1. e4 e5 2. Nf3 Nc6 3. d4 exd4 4. Bc4 Nf6 5. O-O Bc5 6. e5 d5 7. exd6 Qxd6 8. Re1+ Ne7 9. a3 a5 10. Bg5 O-O 11. Nbd2 Bf5 12. Nb3 Bb6 13. Nbxd4 Bg6 14. Nb5 Qc5 15. Qe2 Nf5 16. Bxf6 gxf6 17. Bd3 Rfe8 18. Qf1 c6 19. Nc3 Nd6 20. Na4 Bxd3 21. cxd3 Qb5 22. Nxb6 Qxb6 23. Rab1 Nf5 24. Re4 Kh8 25. Qe2 Nd6 26. Re7 Rxe7 27. Qxe7 Qd8 28. Qe3 Qd7 29. h3 Re8 30. Qf4 Kg7 31. Qg3+ Kh8 32. Qf4 Kg7 33. Nd4 Re5 34. b4 axb4 35. axb4 b6 36. Nf3 Rf5 37. Qg4+ Kf8 38. Nd4 c5 39. bxc5 bxc5 40. Rb8+ Ke7 41. Nxf5+ Qxf5 42. Rb7+ Ke6 43. Rb6 Qxg4 44. hxg4 Kd5 45. Kf1 Ke5 46. g3 c4 47. dxc4 Nxc4 48. Ra6 Nd6 49. Kg2 Ne4 50. Kf3 Ng5+ 51. Ke3 Ne6 52. Ra7 Ng5 53. f4+ 1-0


[Site "https://www.chess.com"]

[Event "Titled Tuesday Blitz April 19 Early 2022"]
[White "Nugumanov, Bakhtiyar"]
[Black "Kaiyrbekov, Rustam"]
[WhiteFideId "13701797"]
[BlackFideId "13702424"]
[WhiteElo "2262"]
[BlackElo "2134"]
[Result "1-0"]
[Round "08"]
[TimeControl "180+1"]
[Date "2022.04.19"]
[WhiteClock "0:00:14"]
[BlackClock "0:00:12"]

1. Nf3 d5 2. g3 c6 3. Bg2 Nd7 4. d4 Ngf6 5. O-O g6 6. b3 Bg7 7. Bb2 O-O 8. c4 e5 9. Nxe5 Nxe5 10. dxe5 Ng4 11. cxd5 Nxe5 12. Kh1 Ng4 13. Bxg7 Kxg7 14. Nc3 Qf6 15. Ne4 Qe5 16. dxc6 bxc6 17. Qd6 Nxf2+ 18. Kg1 Qxd6 19. Nxd6 Ng4 20. Bxc6 Rb8 21. Rf4 Ne5 22. Bg2 Be6 23. Rc1 Rbd8 24. Nb5 a6 25. Nc7 Bc8 26. Re4 Ng4 27. h3 Nf6 28. Ra4 Rd7 29. Nxa6 Ra7 30. Nc5 Rc7 31. Rac4 Re8 32. Ne6+ Bxe6 33. Rxc7 Nd5 34. R7c5 Ne3 35. Kh2 Nxg2 36. Kxg2 Bf5 37. g4 Rxe2+ 38. Kf3 Bd3 39. R1c3 Ba6 40. a4 Rh2 41. Kg3 Re2 42. b4 Re7 43. b5 Bc8 44. a5 Be6 45. b6 Rb7 46. Rc7 Rxc7 47. bxc7 Bc8 48. Rd3 f5 49. Rd8 Ba6 50. c8=Q Bxc8 51. Rxc8 fxg4 52. a6 gxh3 53. Kxh3 h5 54. a7 g5 55. a8=Q g4+ 56. Kh4 g3 57. Qb7+ Kf6 58. Rc6+ Ke5 59. Qb5+ Kf4 60. Rc4+ Kf3 61. Qb3+ Kg2 62. Rc2+ Kh1 63. Qb1# 1-0


[Site "https://www.chess.com"]

[Event "Titled Tuesday Blitz April 19 Early 2022"]
[White "Omariev, Maksim"]
[Black "Fernandez Siles, Luis"]
[WhiteFideId "4193423"]
[BlackFideId "2209420"]
[WhiteElo "2480"]
[BlackElo "2212"]
[Result "1-0"]
[Round "08"]
[TimeControl "180+1"]
[Date "2022.04.19"]
[WhiteClock "0:00:30"]
[BlackClock "0:00:32"]

1. e4 c5 2. Nf3 Nc6 3. d4 cxd4 4. Nxd4 Nf6 5. Nc3 e5 6. Ndb5 d6 7. Bg5 a6 8. Na3 b5 9. Nd5 Be7 10. Bxf6 Bxf6 11. c4 b4 12. Nc2 a5 13. g3 Bg5 14. Bg2 O-O 15. O-O Be6 16. b3 Nb8 17. f4 exf4 18. gxf4 Bh6 19. f5 Bxd5 20. Qxd5 Na6 21. Rad1 Qb6+ 22. Kh1 Rad8 23. Nd4 Nc5 24. Nc6 Rd7 25. f6 gxf6 26. Bh3 Rc7 27. Nd4 Bg5 28. Nb5 Re7 29. Nxd6 Rd8 30. Nf5 Rxd5 31. Nxe7+ Kf8 32. Nxd5 Qe6 33. Bxe6 fxe6 34. Nxf6 Ke7 35. Nxh7 Be3 36. Nf6 1-0


[Site "https://www.chess.com"]

[Event "Titled Tuesday Blitz April 19 Early 2022"]
[White "Omelja, Artem"]
[Black "Stelmaszyk, Nico"]
[WhiteFideId "14119846"]
[BlackFideId "16200462"]
[WhiteElo "2382"]
[BlackElo "2119"]
[Result "1-0"]
[Round "08"]
[TimeControl "180+1"]
[Date "2022.04.19"]
[WhiteClock "0:00:29"]
[BlackClock "0:00:03"]

1. d4 d5 2. c4 e6 3. Nc3 c5 4. cxd5 exd5 5. Nf3 Nc6 6. Bg5 f6 7. Be3 c4 8. Bf4 Bb4 9. e3 Nge7 10. Be2 O-O 11. O-O Bf5 12. Rc1 Ng6 13. Nxd5 b5 14. Nxb4 Nxb4 15. a3 Nxf4 16. exf4 Nd5 17. g3 Re8 18. Nh4 Be4 19. Bf3 Bd3 20. Re1 Qd6 21. Qd2 Rad8 22. Ng2 Nb6 23. Qa5 Qd7 24. Ne3 Re7 25. d5 Rde8 26. Red1 Kh8 27. Qb4 a6 28. b3 Rc8 29. bxc4 Bxc4 30. a4 Ree8 31. a5 Nxd5 32. Nxd5 Bxd5 33. Rxc8 Qxc8 34. Bxd5 Qc2 35. Qd2 1-0


[Site "https://www.chess.com"]

[Event "Titled Tuesday Blitz April 19 Early 2022"]
[White "Oparin, Grigoriy"]
[Black "Grischuk, Alexander"]
[WhiteFideId "24125890"]
[BlackFideId "4126025"]
[WhiteElo "2665"]
[BlackElo "2762"]
[Result "1-0"]
[Round "08"]
[TimeControl "180+1"]
[Date "2022.04.19"]
[WhiteClock "0:00:58"]
[BlackClock "0:00:01"]

1. d4 Nf6 2. c4 e6 3. Nf3 d5 4. g3 Bb4+ 5. Nbd2 dxc4 6. Bg2 b5 7. O-O O-O 8. a4 c6 9. Ne1 Nd5 10. Nc2 Be7 11. e4 Nb6 12. e5 Nd5 13. Ne4 Nd7 14. Qh5 f5 15. axb5 cxb5 16. Nc3 N7b6 17. Nxb5 Qd7 18. Nc3 Bb7 19. Qe2 a5 20. Ne3 Nxc3 21. bxc3 Bxg2 22. Kxg2 f4 23. gxf4 a4 24. f5 exf5 25. f4 a3 26. Qf3 Ra5 27. Rd1 Qa4 28. d5 Bc5 29. d6 Qd7 30. Nd5 Kh8 31. Nxb6 Bxb6 32. Rxa3 Rxa3 33. Bxa3 Qe6 34. d7 Rd8 35. Rd6 1-0


[Site "https://www.chess.com"]

[Event "Titled Tuesday Blitz April 19 Early 2022"]
[White "Palachev, Petr"]
[Black "Sharafiev, Azat"]
[WhiteFideId "24129003"]
[BlackFideId "4186214"]
[WhiteElo "2339"]
[BlackElo "2299"]
[Result "1-0"]
[Round "08"]
[TimeControl "180+1"]
[Date "2022.04.19"]
[WhiteClock "0:00:20"]
[BlackClock "0:00:04"]

1. d4 Nf6 2. Nf3 d5 3. Bf4 Bf5 4. e3 c6 5. c4 Qb6 6. Qc1 Nbd7 7. Nc3 e6 8. c5 Qd8 9. b4 Be7 10. h3 O-O 11. Be2 Ne4 12. O-O Nxc3 13. Qxc3 Bf6 14. Bd6 Re8 15. Ne5 Be7 16. b5 Bxd6 17. cxd6 Nb6 18. bxc6 bxc6 19. Qb4 a5 20. Qc5 Rc8 21. Ba6 Nd7 22. Nxd7 Qxd7 23. Bxc8 Rxc8 24. Rfc1 a4 25. a3 g5 26. Ra2 h5 27. Rb2 g4 28. h4 Kg7 29. Rb6 Qd8 30. Rxc6 Rb8 31. Rc8 Rxc8 32. Qxc8 Qxd6 33. Qc5 Qa6 34. Qe7 Qe2 35. Qg5+ Bg6 36. Qe5+ 1-0


[Site "https://www.chess.com"]

[Event "Titled Tuesday Blitz April 19 Early 2022"]
[White "Palacio,Igor Da Paz"]
[Black "Mangialardo, Tiago Carvalho"]
[WhiteFideId "2121140"]
[BlackFideId "2130718"]
[WhiteElo "2144"]
[BlackElo "2052"]
[Result "1-0"]
[Round "08"]
[TimeControl "180+1"]
[Date "2022.04.19"]
[WhiteClock "0:01:01"]
[BlackClock "0:00:03"]

1. e4 Nf6 2. Nc3 d5 3. exd5 Nxd5 4. Bc4 Nxc3 5. Qf3 e6 6. bxc3 Be7 7. Ne2 O-O 8. d4 c5 9. O-O Nc6 10. Rd1 Qa5 11. a4 Bf6 12. Ba3 Rd8 13. Bxc5 Bd7 14. Rdb1 b6 15. Bd6 Qg5 16. Bf4 Qg6 17. Bd3 1-0


[Site "https://www.chess.com"]

[Event "Titled Tuesday Blitz April 19 Early 2022"]
[White "Papp, Levente"]
[Black "Molina, Roberto Junio Brito"]
[WhiteFideId "751243"]
[BlackFideId "2109450"]
[WhiteElo "2308"]
[BlackElo "2432"]
[Result "1-0"]
[Round "08"]
[TimeControl "180+1"]
[Date "2022.04.19"]
[WhiteClock "0:00:14"]
[BlackClock "0:00:44"]

1. c4 c6 2. e4 d5 3. exd5 cxd5 4. cxd5 Nf6 5. Nc3 Nxd5 6. Nf3 e6 7. d4 Be7 8. Bd3 Nc6 9. O-O O-O 10. a3 Nf6 11. Bc2 b6 12. Qd3 Bb7 13. Bg5 g6 14. Rad1 Nd5 15. h4 Rc8 16. Nxd5 Qxd5 17. Bb3 Qd8 18. d5 exd5 19. Bxd5 Bxg5 20. hxg5 Qc7 21. Qe4 Na5 22. Bxb7 Nxb7 23. b4 Rfe8 24. Qh4 Nd6 25. Qf4 Nf5 26. Qxc7 Rxc7 27. g4 Ng7 28. Nd4 Rc4 29. f3 a5 30. b5 Ne6 31. Rfe1 Rc5 32. f4 Kf8 33. Nxe6+ Rxe6 34. Rxe6 fxe6 35. Rd7 Rxb5 36. Rxh7 Rb3 37. Rh8+ Ke7 38. Rh7+ Kd6 39. Rg7 Rf3 40. Kg2 Rxf4 41. Kg3 Ra4 42. Rxg6 Rxa3+ 43. Kh4 b5 44. Rg8 Ra1 45. g6 Ke7 46. Kg5 b4 47. Rb8 b3 48. g7 b2 49. Rxb2 Kf7 50. Rb7+ Kg8 51. Kg6 1-0


[Site "https://www.chess.com"]

[Event "Titled Tuesday Blitz April 19 Early 2022"]
[White "Papp, Petra"]
[Black "Zemlyanskii, Ivan"]
[WhiteFideId "739049"]
[BlackFideId "24249971"]
[WhiteElo "2259"]
[BlackElo "1759"]
[Result "0-1"]
[Round "08"]
[TimeControl "180+1"]
[Date "2022.04.19"]
[WhiteClock "0:00:01"]
[BlackClock "0:00:19"]

1. e4 c5 2. Nf3 d6 3. d4 cxd4 4. Nxd4 Nf6 5. Nc3 a6 6. Bg5 Nbd7 7. Bc4 Qb6 8. Bb3 e6 9. Qd2 Be7 10. O-O-O Nc5 11. f3 Qc7 12. Be3 b5 13. g4 Bb7 14. h4 Nfd7 15. Kb1 Ne5 16. h5 b4 17. Na4 Rb8 18. g5 Nxb3 19. cxb3 d5 20. g6 hxg6 21. hxg6 Nxg6 22. Rxh8+ Nxh8 23. e5 Ng6 24. f4 Rc8 25. Qh2 Bc6 26. Rc1 Qb7 27. Rg1 Bb5 28. Qh7 Bd3+ 29. Ka1 Bf8 30. f5 Nxe5 31. Qg8 exf5 32. Bf4 Qe7 33. Re1 Be4 34. Nb6 Rd8 0-1


[Site "https://www.chess.com"]

[Event "Titled Tuesday Blitz April 19 Early 2022"]
[White "Petrova, Irina"]
[Black "Alimpic, Aleksa"]
[WhiteFideId "14124122"]
[BlackFideId "974323"]
[WhiteElo "1993"]
[BlackElo "2169"]
[Result "1/2-1/2"]
[Round "08"]
[TimeControl "180+1"]
[Date "2022.04.19"]
[WhiteClock "0:00:03"]
[BlackClock "0:00:06"]

1. e4 g6 2. d4 Bg7 3. Nc3 c6 4. Be3 d5 5. e5 b6 6. Qd2 Ba6 7. Bxa6 Nxa6 8. f4 e6 9. Nf3 h5 10. O-O Nh6 11. Bf2 Nf5 12. Rad1 Bf8 13. Ne2 Nb8 14. Ng3 Be7 15. Nxf5 gxf5 16. b3 a5 17. c4 Nd7 18. cxd5 cxd5 19. Rc1 Kf8 20. Qe2 Ba3 21. Bh4 Be7 22. Bxe7+ Qxe7 23. Rc6 Kg7 24. Rfc1 a4 25. Ng5 axb3 26. axb3 Ra3 27. Qe3 h4 28. Rc7 Ra2 29. Qc3 Rd8 30. Qe1 Rh8 31. Qc3 Rd8 32. Kh1 Qa3 33. h3 Qb2 34. Qxb2 Rxb2 35. R1c3 Kf8 36. Nf3 Ke7 37. Nxh4 Ra8 38. Rc2 Ra1+ 39. Kh2 Rxb3 40. Nf3 Rd1 41. h4 Ra3 42. Rc1 Rdd3 43. h5 Re3 44. h6 Ra8 45. Kg3 Rh8 46. Rh1 Re2 47. h7 Rd2 48. Ng5 Re2 49. Kf3 Ra2 50. Nxf7 Ra3+ 51. Kf2 Ra2+ 52. Kg3 Ra3+ 53. Kf2 Kxf7 54. Rxd7+ Kg6 55. Rd6 Ra2+ 56. Kf3 Ra3+ 57. Kf2 Ra2+ 58. Kf3 Ra3+ 59. Kf2 1/2-1/2


[Site "https://www.chess.com"]

[Event "Titled Tuesday Blitz April 19 Early 2022"]
[White "Petrovskyi, Vadym"]
[Black "Salem, A.R. Saleh"]
[WhiteFideId "14165210"]
[BlackFideId "9301348"]
[WhiteElo "2400"]
[BlackElo "2657"]
[Result "0-1"]
[Round "08"]
[TimeControl "180+1"]
[Date "2022.04.19"]
[WhiteClock "0:00:42"]
[BlackClock "0:00:10"]

1. e4 c5 2. Nf3 d6 3. d4 cxd4 4. Nxd4 Nf6 5. Nc3 a6 6. Be2 e5 7. Nb3 Be7 8. Be3 Be6 9. Nd5 Bxd5 10. exd5 O-O 11. O-O Nfd7 12. Qd2 a5 13. a4 b6 14. Bb5 Nc5 15. Nc1 Nbd7 16. c3 f5 17. f3 f4 18. Bxc5 bxc5 19. Nd3 Bh4 20. b4 cxb4 21. cxb4 Rf6 22. bxa5 Rh6 23. Bc6 Ra7 24. Nf2 Nc5 25. Rab1 g5 26. Ng4 Rg6 27. Qc2 Kg7 28. Nxe5 Rf6 29. Nc4 Re7 30. Rb5 g4 31. Nxd6 Qxd6 32. Qxc5 Qxc5+ 33. Rxc5 gxf3 34. gxf3 Re2 35. Kh1 Rh6 36. Bd7 Be7 37. Rg1+ Kf7 38. Be6+ Kf6 39. h3 Bxc5 40. Rc1 Be3 41. Rc6 Ke5 42. a6 Rg6 43. Bg4 Rxc6 44. dxc6 Kd6 45. Bd7 h5 46. h4 Ra2 47. a7 Bxa7 48. a5 Kc7 49. Be8 Ra3 50. Bxh5 Rxa5 51. Bg4 Bf2 52. h5 Bh4 53. Kg2 Bg5 54. Kf2 Kxc6 55. Ke2 Ra3 56. Bf5 Bh6 57. Kf2 Kc5 58. Kg2 Kd4 59. Be4 Ke3 60. Kh3 Ra5 61. Kg4 Rg5+ 62. Kh4 Rg3 63. Bd5 Bg5# 0-1


[Site "https://www.chess.com"]